 Dungeon Crawl Stone Soup version 0.32-a0-649-gd0e5102 (webtiles) character file.

Game seed: 1650593873772691731

9 Meow the Conjurer (level 2, 22/22 HPs)
             Began as a Naga Conjurer on Mar 8, 2024.
             Quit the game on level 1 of the Dungeon.
             The game lasted 00:00:46 (335 turns).

Meow the Conjurer (Naga Conjurer)                    Turns: 335, Time: 00:00:46

Health: 22/22      AC:  1    Str:  9    XL:     2   Next: 16%
Magic:  5/5        EV:  9    Int: 18    God:
Gold:   12         SH:  0    Dex:  9    Spells: 2/5 levels left

rFire   . . .        a - +0 club
rCold   . . .        (no shield)
rNeg    . . .        c - +0 robe
rPois   +            (no helmet)
rElec   .            (no cloak)
rCorr   .            (no gloves)
SInv    +            (no barding)
Will    .....        (no amulet)
Stlth   ++           (no ring)
HPRegen 0.23/turn    (no ring)
MPRegen 0.09/turn

%: no passive effects
@: very slow
A: AC +0, large, see invisible, deformed body, poison resistance, slowness 2,
spit poison 1, naga tail 1
a: Spit Poison


You were on level 1 of the Dungeon.
You visited 1 branch of the dungeon, and saw 1 of its levels.

You collected 12 gold pieces.

Inventory:

Hand Weapons
 a - a +0 club (weapon)
 f - a +0 mace
Armour
 c - a +0 robe (worn)
Scrolls
 d - a scroll of amnesia {unknown}
Potions
 b - a potion of magic
 e - a potion of lignification {unknown}


   Skills:
 - Level 1.5 Dodging
 - Level 3.0 Stealth
 + Level 2.3 Spellcasting
 + Level 4.2 Conjurations


You had 2 spell levels left.
You knew the following spells:

 Your Spells              Type           Power      Damage    Failure   Level
a - Magic Dart            Conj           68%        1d6       3%          1
b - Searing Ray           Conj           34%        2d5       4%          2

Your spell library contained the following spells:

 Spells                   Type           Power      Damage    Failure   Level
 Fulminant Prism          Conj/Alch      4%         3d5       58%         4
 Iskenderun's Mystic Bla  Conj/Tloc      9%         2d4       58%         4


Dungeon Overview and Level Annotations

Branches:
Dungeon (1/15)

Altars:


Innate Abilities, Weirdness & Mutations

Your serpentine skin is tough. (AC +0)
You have supernaturally acute eyesight. (SInv)
Armour fits poorly on your strangely shaped body.
Your system is resistant to poisons. (rPois)
You cover ground very slowly.
You can spit poison.
You have a snake-like lower body.


Message History

The magic dart hits the rat.
You kill the rat!
Unknown command.
Casting: Magic Dart (safe; 3% risk of failure)
Confirm with . or Enter, or press ? or * to list all spells.
You can't see any susceptible monsters within range! (Use Z to cast anyway.) Unknown command.
There is an open door here.
You have got your breath back.
You see here a rat corpse.
You open the door.
Found a stone staircase leading down.
There is an open door here.
e - an emerald potion
Found a mace.
You see here a +0 mace.
A ball python comes into view.
Aiming: Spit Poison (2% risk of failure)
Press: ? - help, Shift-Dir - straight line, f - ball python
Aim: a ball python (asleep, 100% to hit)
The splash of poison hits the ball python.
The ball python is poisoned.
The ball python is moderately wounded.
Unknown command.
Casting: Magic Dart (safe; 3% risk of failure)
Confirm with . or Enter, or press ? or * to list all spells.
You don't know that spell.
Casting: Magic Dart (safe; 3% risk of failure)
Confirm with . or Enter, or press ? or * to list all spells.
Aiming: Magic Dart (safe; 3% risk of failure)
Press: ? - help, Shift-Dir - straight line, f/p - ball python
Aim: a ball python (heavily wounded, poisoned, 100% to hit)
The magic dart hits the ball python.
You kill the ball python!
Unknown command.
You have got your breath back.
Magic restored.
You see here a +0 mace.
f - a +0 mace Are you sure you want to abandon this character and quit the game? (Confirm with "yes".)

...........# #.....#.##
#.....+..# #.....#..#
#.....#..# #.....+..#
########.....##.########
........#####.#........+
........#####.#.@#######
..............#..#####
.........#.............
..........>...#..######
.........#.#.##..#
..###'##.#.#.##..#
..###.# .#.## #..#
......# .#.. ...#
...#### ##.# ##.#


There were no monsters in sight!

Vanquished Creatures
  A ball python (D:1)
  A giant cockroach (D:1)
  A goblin (D:1)
  2 jackals (D:1)
  A quokka (D:1)
  A frilled lizard (D:1)
  A rat (D:1)
8 creatures vanquished.

Notes
Turn   | Place    | Note
-------+----------+-------------------------------------------
     0 | D:1      | Meow the Naga Conjurer began the quest for the Orb.
     0 | D:1      | Reached XP level 1. HP: 15/15 MP: 3/3
   225 | D:1      | Reached XP level 2. HP: 21/22 MP: 0/5
   228 | D:1      | Learned a level 2 spell: Searing Ray
   335 | D:1      | Quit the game

Illustrated notes

Levels and vault maps discovered:
D:1:      elethiomel_arrival_maze, layout_basic

Action                     || total
---------------------------++-------
  Melee: Club              ||     1
   Cast: Magic Dart        ||     9
Ability: Spit Poison       ||     7
 Armour: Robe              ||     3
  Dodge: Dodged            ||     1

Table legend: (Time is in decaauts)
 A = Elapsed time spent in this place.
 B = Non-inter-level travel time spent in this place.
 C = Inter-level travel time spent in this place.
 D = Time resting spent in this place.
 E = Time spent auto-exploring this place.
 F = Levels seen in this place.
 G = Mean time per level.
                   A        B        C        D        E       F      G
               +--------+--------+--------+--------+--------+-----+--------+
         Total |    420 |    420 |      0 |     90 |    270 |   1 |  420.0 |
       Dungeon |    420 |    420 |      0 |     90 |    270 |   1 |  420.0 |
               +--------+--------+--------+--------+--------+-----+--------+

Top non-repeatable levels by time:
     D:1: 420 daAuts
